 Dungeon Crawl Stone Soup version 0.24.0-123-gd5b16e6ec5 (webtiles) character file.

Game seed: 17825169740343880155, levelgen mode: deterministic

135034 FluffGlitter the Cleaver (level 16, -1/130 HPs)
             Began as a Demonspawn Gladiator on Jan 12, 2020.
             Was the Champion of Okawaru.
             Slain by a shambling mangrove (19 damage)
             ... on level 3 of the Swamp.
             The game lasted 04:01:10 (37956 turns).

FluffGlitter the Cleaver (Demonspawn Gladiator)    Turns: 37956, Time: 04:01:10

Health: -1/130     AC: 21    Str: 27    XL:     16   Next: 63%
Magic:  24/24      EV: 14    Int: 12    God:    Okawaru [******]
Gold:   2367       SH:  0    Dex: 13    Spells: 15/15 levels left

rFire    + + .     SeeInvis .   b - +10 hunting sling of Sunlight {freeze, MR+++ Str+2 Int+2 Dex-3}
rCold    . . .     Gourm    .   (no shield)
rNeg     . . .     Faith    .   K - +0 swamp dragon scales
rPois    +         Spirit   .   U - +0 hat {MR+}
rElec    .         Reflect  .   d - scarf {repulsion}
rCorr    .         Harm     .   y - +2 pair of gloves
MR       +++++                  P - +0 pair of boots
Stlth    +.........             t - amulet of regeneration
HPRegen  0.71/turn              l - ring of protection from magic
MPRegen  0.19/turn              i - ring of protection from fire

@: mighty, grasped by roots, slightly contaminated, constricted, repel missiles
A: hooves 2, iridescent scales 3, fire resistance 1, ignite blood, powered by
pain 2, flame cloud immunity
a: Heroism, Finesse, Renounce Religion


You were on level 3 of the Swamp.
You worshipped Okawaru.
Okawaru was exalted by your worship.
You were not hungry.

You visited 5 branches of the dungeon, and saw 28 of its levels.

You collected 2544 gold pieces.
You spent 177 gold pieces at shops.

Inventory:

Hand Weapons
 a - the +7 executioner's axe of the Black Skies {vamp, rElec Dex+5}
   (Okawaru gifted it to you on level 1 of the Lair of Beasts)

   It inflicts no extra harm, but heals its wielder when it wounds a living foe.
   It affects your dexterity (+5).
   It insulates you from electricity.
 b - the +10 hunting sling of Sunlight (weapon) {freeze, MR+++ Str+2 Int+2 Dex-3}
   (Okawaru gifted it to you on level 4 of the Lair of Beasts)

   It causes projectiles fired from it to freeze those they strike, causing
   extra injury to most foes and up to half again as much damage against
   particularly susceptible opponents.
   They can also slow down cold-blooded creatures.
   It affects your strength (+2).
   It affects your intelligence (+2).
   It affects your dexterity (-3).
   It affects your resistance to hostile enchantments.
 j - the +11 battleaxe of Vengeance {flame, Dex+7}
   (Okawaru gifted it to you on level 5 of the Lair of Beasts)

   It has been specially enchanted to burn those struck by it, causing extra
   injury to most foes and up to half again as much damage against particularly
   susceptible opponents.
   Big, fiery blades are also staple armaments of hydra-hunters.
   It affects your dexterity (+7).
 F - the +1 hand axe "Yteariqu" {flame, rElec rN+}
   (You found it on level 4 of the Dungeon)

   It has been specially enchanted to burn those struck by it, causing extra
   injury to most foes and up to half again as much damage against particularly
   susceptible opponents.
   Big, fiery blades are also staple armaments of hydra-hunters.
   It insulates you from electricity.
   It protects you from negative energy.
Missiles
 m - 2 throwing nets {!f}
 T - 6 sling bullets (quivered)
Armour
 d - a scarf of repulsion (worn)
   (You found it on level 2 of the Swamp)
 k - a +1 crystal plate armour
   (You acquired it on level 2 of the Orcish Mines)
 s - a +2 scale mail of fire resistance
   (You found it on level 15 of the Dungeon)
 y - a +2 pair of gloves (worn)
   (You found it on level 5 of the Dungeon)
 K - +0 swamp dragon scales (worn)
   (You found it on level 3 of the Swamp)
 P - a +0 pair of boots (worn)
   (You found it on level 9 of the Dungeon)
 S - a +1 leather armour of cold resistance
   (You found it on level 10 of the Dungeon)
 U - a +0 hat of magic resistance (worn)
   (Okawaru gifted it to you on level 6 of the Lair of Beasts)
Jewellery
 i - a ring of protection from fire (right hand)
   (You found it on level 14 of the Dungeon)
 l - a ring of protection from magic (left hand)
   (You took it off a centaur on level 15 of the Dungeon)
 t - an amulet of regeneration (around neck)
   (You found it on level 2 of the Swamp)
Wands
 c - a wand of disintegration (13)
   (You found it on level 2 of the Swamp)
 u - a wand of paralysis (8)
   (You found it on level 3 of the Lair of Beasts)
 v - a wand of digging (6)
   (You found it on level 1 of the Lair of Beasts)
 x - a wand of acid (37)
   (You found it on level 4 of the Dungeon)
 R - a wand of clouds (5)
   (You found it on level 9 of the Dungeon)
Scrolls
 f - 3 scrolls of magic mapping
 h - a scroll of identify {@r1}
 n - 5 scrolls of fog
 p - 3 scrolls of fear
 q - 2 scrolls of acquirement
 w - 9 scrolls of remove curse {@r2}
 B - 14 scrolls of teleportation {@r4}
 C - 2 scrolls of brand weapon
 E - 4 scrolls of immolation {!r}
 G - 2 scrolls of enchant weapon
 Q - 7 scrolls of enchant armour
 X - 3 scrolls of vulnerability {!r}
Potions
 g - 6 potions of agility
 o - 2 potions of cancellation
 r - 2 potions of berserk rage
 z - a potion of invisibility
 A - 5 potions of haste {@q3}
 D - 7 potions of curing {@q1}
 L - 3 potions of might
 M - 2 potions of lignification {!q}
 W - a potion of resistance
 Y - 6 potions of flight
Miscellaneous
 V - a lamp of fire (inert)
   (You found it on level 1 of the Lair of Beasts)
Comestibles
 e - 33 rations {!d}


   Skills:
 + Level 13.1 Fighting
 + Level 13.8 Axes
 - Level 10.2 Throwing
 + Level 11.3 Armour
 - Level 11.0 Dodging
 - Level 8.8 Invocations
 - Level 10.7 Evocations


You had 15 spell levels left.
You didn't know any spells.
Your spell library contained the following spells:

 Spells                   Type           Power        Failure   Level  Hunger
 Apportation              Tloc           #.....       41%         1    ##.....
 Beastly Appendage        Tmut           #.....       41%         1    ##.....
 Confusing Touch          Hex            #.....       41%         1    ##.....
 Infusion                 Chrm           #...         41%         1    ##.....
 Magic Dart               Conj           #...         41%         1    ##.....
 Summon Butterflies       Summ           #.......     41%         1    ##.....
 Blink                    Tloc           N/A          56%         2    ###....
 Call Imp                 Summ           #.......     56%         2    ###....
 Searing Ray              Conj           #.....       56%         2    ###....
 Shroud of Golubria       Chrm/Tloc      #.....       56%         2    ###....
 Slow                     Hex            #.......     56%         2    ###....
 Song of Slaying          Chrm           #.......     56%         2    ###....
 Sticks to Snakes         Tmut           #.......     56%         2    ###....
 Confuse                  Hex            #.......     80%         3    ####...
 Conjure Flame            Conj/Fire      #.......     80%         3    ####...
 Dazzling Spray           Conj/Hex       #.....       80%         3    ####...
 Gell's Gravitas          Tloc           #.........   80%         3    ####...
 Lesser Beckoning         Tloc           #.........   80%         3    ####...
 Mephitic Cloud           Conj/Pois/Air  #.......     80%         3    ####...
 Regeneration             Chrm/Necr      #.........   80%         3    ####...
 Spectral Weapon          Hex/Chrm       #.......     80%         3    ####...
 Spider Form              Tmut/Pois      #.........   80%         3    ####...
 Tukima's Dance           Hex            #.......     80%         3    ####...
 Force Lance              Conj/Tloc      #.......     99%         4    #####..
 Fulminant Prism          Conj/Hex       #.........   99%         4    #####..
 Ice Form                 Ice/Tmut       #.......     99%         4    #####..
 Iskenderun's Mystic Bla  Conj           #.......     99%         4    #####..
 Petrify                  Tmut/Erth      #.......     99%         4    #####..
 Alistair's Intoxication  Tmut/Pois      #.......     100%        5    ######.
 Blade Hands              Tmut           #.........   100%        5    ######.
 Metabolic Englaciation   Hex/Ice        #.........   100%        5    ######.
 Yara's Violent Unravell  Hex/Tmut       #.........   100%        5    ######.
 Invisibility             Hex            #.......     100%        6    #######


Dungeon Overview and Level Annotations

Branches:
Dungeon (15/15)            Temple (1/1) D:5            Lair (6/6) D:9
  Swamp (4/4) Lair:3       Spider (0/4) Lair:4        Slime (0/5) Lair:6
    Orc (2/2) D:9             Elf (0/3) Orc:2        Vaults (0/5) D:14
 Depths (0/5) D:15

Altars:
Ashenzari
Cheibriados
Dithmenos
Elyvilon
Fedhas
Gozag
Hepliaklqana
Kikubaaqudgha
Makhleb
Nemelex Xobeh
Okawaru
Qazlal
Ru
Sif Muna
Trog
Uskayaw
Vehumet
Wu Jian
Xom
Yredelemnul
Zin
The Shining One
Jiyva

Shops:
D:3 *   D:9 *   D:10 [   D:11 *   Orc:2 ?(!}

Annotations:
D:9 1 runed translucent door, HammerPanzer's ghost, novice MiBe
D:14 2 transporters
Swamp:3 exclusion: oklob plant


Innate Abilities, Weirdness & Mutations

You have hoof-like feet.
You are completely covered in iridescent scales. (AC +6)
Your flesh is heat resistant. (rF+)
Your demonic aura causes spilled blood to erupt in flames.
You sometimes gain power by taking damage.
You are immune to clouds of flame.


Message History

a hornet corpse x2
Throwing (i - inventory)
m - 2 throwing nets (quivered)
{!f}
Aim: a spriggan rider, wielding a +0 spear Really fire
m - 2 throwing nets {!f}?
Okay, then.
The spriggan rider barely misses you.
Aim the lamp in which direction?
Aim: a shambling mangrove (flame, lightly damaged)
The trail of fire hits the shambling mangrove!
The spriggan rider completely misses you.
The shambling mangrove is engulfed in blazing flames.
You slice the shambling mangrove!!
The spriggan rider hits you from afar with a +0 spear.
* * * LOW HITPOINT WARNING * * *
The shambling mangrove is engulfed in blazing flames.
Angry insects surge out from beneath the shambling mangrove's foliage!
Roots burst forth from the earth!
The grasping roots grab you! The grasping roots constrict you.
The spriggan rider misses you.
Blink to where?
You escape the roots' grasp.
You are lightly contaminated with residual magic.
As you read the scroll of blinking, it crumbles to dust.
Okay, then.
You feel the dreadful sensation subside.
You feel stronger.
You feel clever.
You feel clumsy.
The +10 hunting sling of Sunlight {freeze, MR+++ Str+2 Int+2 Dex-3} is covered in frost.
b - the +10 hunting sling of Sunlight (weapon)
{freeze, MR+++ Str+2 Int+2 Dex-3} The hornet is engulfed in blazing flames.
Firing (i - inventory. (/) - cycle)
T - 8 sling bullets (quivered)
Aim: a shambling mangrove (almost destroyed)
Your line of fire to the shambling mangrove is blocked by a fungus.
Continue anyway?
Okay, then.
Firing (i - inventory. (/) - cycle)
T - 8 sling bullets (quivered)
Aim: a shambling mangrove (almost destroyed)
You shoot a sling bullet.
The sling bullet closely misses the hornet.
The sling bullet hits the shambling mangrove but does no damage.
Firing (i - inventory. (/) - cycle)
T - 7 sling bullets (quivered)
Aim: a shambling mangrove (almost destroyed)
You shoot a sling bullet. The sling bullet hits the hornet.
The sling bullet freezes the hornet.
Roots burst forth from the earth!
The grasping roots grab you!
* * * LOW HITPOINT WARNING * * *
The grasping roots constrict you!
You feel better. The hornet barely misses you.
The spriggan rider hits you from afar with a +0 spear.
* * * LOW HITPOINT WARNING * * *
You die...

...÷♣§≈.≈♣♣..♣.♣††.≈.....
≈≈§...........♣.≈°.≈≈...≈
≈≈≈≈≈≈.≈.♣♣.. ♣.♣((..§≈≈.
.≈≈≈≈≈≈.≈♣♣ ♣.P.f..P....
≈.≈≈≈≈≈≈§.♣♣ ♣♣..(≈♣.....
♣.≈≈≈≈≈≈iZ.♣ ♣..(...≈♣♣♣≈
≈≈.≈≈≈≈≈≈○Z♣ ♣.P♣i..P.♣.
....≈≈≈≈○☼○♣♣♣..yy..♣♣.♣
♣≈§≈≈P...§Z≈♣♣♣/@P♣♣♣♣.♣
♣♣.≈≈PP≈♣♣○f♣.♣♣♣♣♣♣♣♣F♣♣ ♣♣
.♣♣..fP♣♣§Zt○..♣♣♣♣≈♣.f.♣♣ ♣♣≈♣♣≈
<≈♣♣♣♣P≈[†☼○☼≈♣♣≈........♣ ≈t≈☼☼≈
○≈≈.♣♣P§≈♣§°♣♣♣♣≈≈≈.≈≈.°♣♣♣(○°§..
i.≈≈♣PP.°≈≈§§≈≈♣.≈≈.○.≈≈..(≈○....
○..≈♣♣P.○°°○≈○≈F(....○○.†).≈○°...
≈.≈≈♣♣♣♣♣○○.≈§.≈♣...°t○).♣♣♣♣§≈♣♣
≈≈≈♣♣ ♣♣≈≈♣♣♣♣♣♣.≈♣†..≈♣ ♣♣


You could see a shambling mangrove, a spriggan rider and 2 hornets.

Vanquished Creatures
  Rupert (D:15)
  Jorgrun (Orc:1)
  A tentacled monstrosity (Swamp:1)
  Gastronok (Lair:1)
  Agnes (D:15)
  A thorn hunter (Swamp:3)
  An orc warlord (D:9)
  A stone giant (D:9)
  Azrael (D:13)
  4 dire elephants (Lair:6)
  Harold (D:7)
  2 ice dragons (D:15)
  9 hydras
  4 shambling mangroves
  5 centaur warriors
  An anaconda (Lair:6)
  4 two-headed ogres
  A catoblepas (D:15)
  2 death yaks (Lair:4)
  8 alligators
  3 orc high priests (Orc:2)
  3 tengu warriors
  Nergalle (Lair:1)
  A deep troll (D:14)
  4 skeletal warriors (D:15)
  A wizard (D:15)
  4 deep elf magi
  2 swamp dragons (Swamp:3)
  4 orc sorcerers (Orc:2)
  A necromancer (D:14)
  5 orc knights
  A mana viper (shapeshifter) (D:14)
  16 ugly things
  4 cyclopes
  7 black mambas
  25 elephants
  14 spiny frogs
  3 centaur skeletons
  A gargoyle (D:13)
  8 rime drakes
  11 komodo dragons
  A freezing wraith (D:13)
  A tengu conjurer (D:14)
  A harpy zombie (D:15)
  7 trolls
  2 polar bears
  A jumping spider (Lair:4)
  12 hornets
  21 blink frogs
  8 tyrant leeches
  10 slime creatures
  3 bog bodies
  8 hippogriffs
  A meliai zombie (D:15)
  A redback (Lair:4)
  5 spriggans
  5 shadows
  A vampire (D:8)
  Eustachio (D:4)
  20 yaks
  6 wyverns
  Grum (D:11)
  2 basilisks
  3 fire elementals (D:12)
  3 hungry ghosts
  20 vampire mosquitoes
  13 steam dragons (Lair:2)
  Edmund (D:4)
  6 wargs
  11 insubstantial wisps
  A soldier ant (D:14)
  An acid dragon (D:15)
  Menkaure (D:5)
  9 swamp worms
  7 water moccasins
  5 hell hounds
  7 porcupines
  7 swamp drakes
  8 sky beasts
  2 eyes of draining
  A necrophage (D:4)
  2 black bears
  26 orc warriors
  2 phantoms
  10 ice beasts
  9 ogres
  35 wolves
  8 crocodiles
  34 centaurs
  3 big kobolds
  Blork the orc (D:4)
  13 bullfrogs
  2 wyvern zombies
  An earth elemental (D:11)
  A water moccasin zombie (D:8)
  A wyvern skeleton (D:11)
  4 scorpions
  12 killer bees
  10 wights
  5 electric eels
  2 howler monkeys
  3 bullfrog zombies
  9 crimson imps
  4 centaur zombies
  9 hounds
  16 orc priests
  6 jellies
  28 orc wizards
  3 iguanas
  8 worker ants
  A killer bee zombie (D:8)
  2 hound skeletons
  A howler monkey zombie (D:9)
  4 gnolls (D:9)
  9 adders
  2 shadow imps
  2 adder zombies
  An adder skeleton (D:8)
  4 worms
  12 dart slugs
  8 leopard geckos
  79 orcs
  4 giant cockroaches
  6 goblins
  9 hobgoblins
  9 jackals
  7 quokkas
  2 ball pythons
  6 bats
  3 frilled lizards
  4 kobolds
  A quokka zombie (D:5)
  9 rats
  2 fungi
  5 plants (Lair:6)
852 creatures vanquished.

Vanquished Creatures (collateral kills)
  A thorn hunter (Swamp:3)
1 creature vanquished.

Vanquished Creatures (others)
  2 spriggans (Swamp:3)
  A spiny frog (Swamp:3)
  2 hornets (Swamp:3)
  A slime creature (Swamp:2)
  An orc wizard (D:9)
  6 briar patches (Swamp:3)
  19 fungi
  25 plants
57 creatures vanquished.

Grand Total: 910 creatures vanquished

Notes
Turn   | Place    | Note
-------+----------+-------------------------------------------
     0 | D:1      | FluffGlitter the Demonspawn Gladiator began the quest for
                  | the Orb.
     0 | D:1      | Reached XP level 1. HP: 16/16 MP: 1/1
   254 | D:1      | Gained mutation: You have large cloven feet. [demonic
                  | ancestry]
   254 | D:1      | Reached XP level 2. HP: 22/22 MP: 2/2
  1182 | D:2      | Reached XP level 3. HP: 16/28 MP: 3/3
  1426 | D:2      | Found a bloodstained altar of Trog.
  2102 | D:3      | Gained mutation: Your flesh is heat resistant. (rF+)
                  | [demonic ancestry]
  2102 | D:3      | Reached XP level 4. HP: 31/34 MP: 4/4
  2414 | D:3      | Found Gozag's Platinum Reserve.
  2416 | D:3      | Found an opulent altar of Gozag.
  2710 | D:3      | Gained mutation: You are partially covered in iridescent
                  | scales. (AC +2) [demonic ancestry]
  2710 | D:3      | Reached XP level 5. HP: 32/41 MP: 5/5
  3795 | D:4      | Found a blossoming altar of Fedhas.
  3833 | D:5      | Entered Level 5 of the Dungeon
  3947 | D:4      | Reached XP level 6. HP: 44/47 MP: 6/6
  4208 | D:4      | Got a twisted hand axe
  4210 | D:4      | Identified the +1 hand axe "Yteariqu" {flame, rElec rN+}
                  | (You found it on level 4 of the Dungeon)
  4499 | D:4      | Found a white marble altar of Elyvilon.
  4562 | D:4      | Found a basalt altar of Yredelemnul.
  4753 | D:4      | HP: 2/48 [iguana (8)]
  4925 | D:5      | Gained mutation: You are immune to clouds of flame.
                  | [demonic ancestry]
  4925 | D:5      | Reached XP level 7. HP: 34/54 MP: 7/7
  4995 | D:5      | Noticed Eustachio
  5064 | D:5      | Noticed Edmund
  5105 | D:4      | Killed Edmund
  5309 | D:4      | Killed Eustachio
  5600 | D:5      | Noticed Blork the orc
  5631 | D:4      | Reached skill level 5 in Fighting
  5631 | D:4      | Reached skill level 5 in Axes
  5631 | D:4      | Reached skill level 5 in Dodging
  5631 | D:4      | Gained mutation: Your demonic aura causes spilled blood to
                  | erupt in flames. [demonic ancestry]
  5631 | D:4      | Reached XP level 8. HP: 32/62 MP: 8/8
  6230 | D:5      | Noticed Menkaure
  6402 | D:4      | Killed Blork the orc
  6535 | D:5      | Killed Menkaure
  6858 | D:5      | Reached skill level 5 in Throwing
  6974 | D:5      | Found a staircase to the Ecumenical Temple.
  6992 | Temple   | Entered the Ecumenical Temple
  7068 | Temple   | Became a worshipper of Warmaster Okawaru
  7462 | D:5      | Reached skill level 1 in Armour
  7914 | D:5      | Reached * piety under Okawaru
  7914 | D:5      | Reached XP level 9. HP: 67/67 MP: 9/9
  8022 | D:5      | Found a stormy altar of Qazlal.
  8541 | D:6      | Reached skill level 1 in Invocations
  8653 | D:6      | Found a snail-covered altar of Cheibriados.
  9549 | D:6      | Found a shadowy altar of Dithmenos.
  9943 | D:7      | Reached ** piety under Okawaru
 10589 | D:8      | Noticed a two-headed ogre
 11100 | D:7      | Found a sacrificial altar of Ru.
 11100 | D:7      | Noticed Harold
 11126 | D:7      | Killed Harold
 11126 | D:7      | Reached *** piety under Okawaru
 11126 | D:7      | Gained mutation: You are mostly covered in iridescent
                  | scales. (AC +4) [demonic ancestry]
 11126 | D:7      | Reached XP level 10. HP: 77/77 MP: 11/13
 11540 | D:8      | Killed a two-headed ogre
 11540 | D:8      | Received a gift from Okawaru
 11551 | D:8      | Noticed a brown ugly thing
 11563 | D:8      | Killed a brown ugly thing
 11563 | D:8      | Reached skill level 5 in Invocations
 11746 | D:8      | Noticed a centaur warrior
 11746 | D:8      | Noticed a two-headed ogre
 11765 | D:8      | Killed a centaur warrior
 11765 | D:8      | Reached **** piety under Okawaru
 11951 | D:7      | Killed a two-headed ogre
 12215 | D:8      | Noticed a centaur warrior
 12403 | D:8      | Killed a centaur warrior
 12788 | D:8      | Gained mutation: You sometimes gain a little power by
                  | taking damage. [demonic ancestry]
 12788 | D:8      | Reached XP level 11. HP: 86/86 MP: 15/15
 13110 | D:8      | Noticed a two-headed ogre
 13134 | D:8      | Killed a two-headed ogre
 13134 | D:8      | Reached ***** piety under Okawaru
 13134 | D:8      | Reached skill level 5 in Armour
 13411 | D:9      | Found Vuop Zech's General Store.
 13556 | D:9      | Received a gift from Okawaru
 13590 | D:9      | Found a staircase to the Orcish Mines.
 13750 | D:10     | Entered Level 10 of the Dungeon
 13786 | D:9      | Bought a potion of heal wounds for 80 gold pieces
 13801 | D:9      | Found a staircase to the Lair.
 13818 | D:9      | Received a gift from Okawaru
 14033 | D:9      | Found a runed translucent door.
 14038 | D:9      | Noticed HammerPanzer's ghost (novice MiBe)
 14039 | D:9      | Identified the +7 trident "Atoad" {pierce, Str+3 Int+4}
 14158 | D:9      | Identified the cursed +1 longbow of the Illusory Ghosts
                  | {freeze, rN+}
 14983 | D:10     | Received a gift from Okawaru
 15352 | D:10     | Found Onappitih's Armour Emporium.
 15857 | D:11     | Received a gift from Okawaru
 16203 | D:11     | Noticed a purple ugly thing
 16220 | D:11     | Killed a purple ugly thing
 16393 | D:11     | Found Luenuac's Pet Rocks.
 16508 | D:11     | Noticed Grum
 16659 | D:11     | Killed Grum
 17245 | Lair:1   | Entered Level 1 of the Lair of Beasts
 17343 | Lair:1   | Noticed Nergalle
 17345 | Lair:1   | Noticed a spectral orc warlord
 17352 | Lair:1   | Killed Nergalle
 17354 | Lair:1   | Gained mutation: You have hoof-like feet. [demonic
                  | ancestry]
 17354 | Lair:1   | Reached XP level 12. HP: 56/94 MP: 18/18
 17539 | Lair:1   | Received a gift from Okawaru
 17595 | Lair:1   | Got an ichor-stained executioner's axe {god gift}
 17625 | Lair:1   | Identified the +7 executioner's axe of the Black Skies
                  | {vamp, rElec Dex+5} (Okawaru gifted it to you on level 1 of
                  | the Lair of Beasts)
 17798 | Lair:1   | Reached skill level 1 in Evocations
 17983 | Lair:1   | Got a polished dagger
 18196 | Lair:1   | Noticed Gastronok
 18208 | Lair:1   | Killed Gastronok
 18208 | Lair:1   | Received a gift from Okawaru
 18443 | Lair:1   | Reached ****** piety under Okawaru
 18710 | Lair:2   | Received a gift from Okawaru
 18710 | Lair:2   | Reached skill level 5 in Evocations
 18785 | Lair:2   | Reached skill level 10 in Axes
 19055 | Lair:2   | Found a white marble altar of Elyvilon.
 19831 | Lair:2   | Gained mutation: You are completely covered in iridescent
                  | scales. (AC +6) [demonic ancestry]
 19831 | Lair:2   | Reached XP level 13. HP: 101/101 MP: 19/19
 20243 | Lair:3   | Received a gift from Okawaru
 20791 | Lair:3   | Found a staircase to the Swamp.
 21286 | Lair:4   | Received a gift from Okawaru
 21406 | Lair:4   | Got a slimy hunting sling {god gift}
 21409 | Lair:4   | Identified the +10 hunting sling of Sunlight {freeze, MR+++
                  | Str+2 Int+2 Dex-3} (Okawaru gifted it to you on level 4 of
                  | the Lair of Beasts)
 22262 | Lair:4   | Found a hole to the Spider Nest.
 22679 | Lair:6   | Entered Level 6 of the Lair of Beasts
 23055 | Lair:5   | Received a gift from Okawaru
 23058 | Lair:5   | Got an ichor-stained battleaxe {god gift}
 23059 | Lair:5   | Identified the +11 battleaxe of Vengeance {flame, Dex+7}
                  | (Okawaru gifted it to you on level 5 of the Lair of Beasts)
 23855 | Lair:6   | Found a staircase to the Slime Pits.
 23856 | Lair:6   | Found a viscous altar of Jiyva.
 23895 | Lair:6   | Received a gift from Okawaru
 23912 | Lair:6   | Reached skill level 10 in Fighting
 23952 | Lair:6   | Reached XP level 14. HP: 110/110 MP: 20/20
 24159 | Lair:6   | Received a gift from Okawaru
 25971 | D:12     | Reached skill level 10 in Dodging
 26846 | D:13     | Noticed Azrael
 26856 | D:13     | Killed Azrael
 27440 | D:13     | Received a gift from Okawaru
 27730 | D:13     | Found a shadowy altar of Dithmenos.
 28218 | D:14     | Reached skill level 10 in Throwing
 28253 | D:15     | Entered Level 15 of the Dungeon
 28466 | D:14     | Found a transporter.
 28468 | D:14     | Found a transporter.
 28469 | D:14     | Noticed an azure jelly
 28795 | D:14     | Noticed an acid blob
 29041 | D:14     | Reached XP level 15. HP: 117/117 MP: 22/22
 29100 | D:14     | Received a gift from Okawaru
 29320 | D:14     | Found a gate to the Vaults.
 29647 | D:15     | Reached skill level 10 in Evocations
 30414 | D:15     | Noticed Rupert
 30420 | D:15     | Killed Rupert
 30459 | D:15     | Noticed Agnes
 30465 | D:15     | Killed Agnes
 31406 | D:15     | Found a staircase to the Depths.
 32138 | Orc:1    | Entered Level 1 of the Orcish Mines
 32195 | Orc:1    | Noticed an orc warlord
 32202 | Orc:1    | Noticed Jorgrun
 32218 | D:9      | Killed an orc warlord
 32218 | D:9      | Received a gift from Okawaru
 32541 | Orc:1    | Killed Jorgrun
 32686 | Orc:2    | Entered Level 2 of the Orcish Mines
 32791 | Orc:1    | You fall into a shaft and drop 1 floor!
 32793 | Orc:2    | Found a staircase to the Elven Halls.
 33591 | Orc:2    | Found Wiumn's Gadget Boutique.
 33597 | Orc:2    | Received a gift from Okawaru
 33616 | Orc:2    | Received a gift from Okawaru
 33673 | Orc:2    | Reached skill level 10 in Armour
 33799 | Orc:2    | Found Lixteapug's Distillery.
 33805 | Orc:2    | Found Wiokaepi's Antique Weapon Shoppe.
 33807 | Orc:2    | Found Ewko's Magic Scroll Boutique.
 33815 | Orc:2    | Bought a scroll of blinking for 97 gold pieces
 33906 | Orc:2    | Identified 3 scrolls of acquirement
 34213 | Lair:3   | Received a gift from Okawaru
 34243 | Swamp:1  | Entered Level 1 of the Swamp
 34619 | Swamp:1  | Gained mutation: You sometimes gain power by taking damage.
                  | [demonic ancestry]
 34619 | Swamp:1  | Reached XP level 16. HP: 127/127 MP: 19/24
 35141 | Swamp:1  | Received a gift from Okawaru
 35419 | Swamp:1  | Noticed a tentacled monstrosity
 35445 | Swamp:1  | Killed a tentacled monstrosity
 37582 | Swamp:4  | Entered Level 4 of the Swamp
 37732 | Swamp:3  | Received a gift from Okawaru
 37865 | Swamp:3  | Noticed a thorn hunter
 37881 | Swamp:3  | Noticed a thorn hunter
 37882 | Swamp:3  | Noticed a thorn hunter
 37888 | Swamp:3  | Killed a thorn hunter
 37896 | Swamp:3  | Killed a thorn hunter
 37956 | Swamp:3  | Slain by a shambling mangrove

Levels and vault maps discovered:
D:1:      dpeg_arrival_arbitrary_b, layout_loops_ring
D:2:      layout_loops_ring, old_standard_altar
D:3:      layout_loops_corners, nicolae_gozag_zags_fifth_avenue
D:4:      layout_loops_ring, kennysheep_ying_yang, fedhas_altar_3,
          supply_closet_lemuel
D:5:      layout_rooms, nicolae_qazlal_style_of_elements,
          minmay_temple_entry_waves, first_ration,
          kennysheep_opposing_triangles, uniq_eustachio, uniq_blork_the_orc,
          uniq_edmund, uniq_menkaure
D:6:      kennysheep_slugbush, layout_basic, lemuel_doored_altar,
          kennysheep_mini, kennysheep_small_spiral, dk_noncrumbling_4
D:7:      layout_rooms, nicolae_ru_great_annihilating_truth, uniq_harold
D:8:      wad_arrow_thing, layout_basic
D:9:      kennysheep_spiral_hall, layout_rooms, erik_lair_orcish_takeover,
          ebering_ghost_funeral_grove, serial_shops, shop, blue_anna_alchemist
          [blue_anna_fruit_fields, blue_anna_fruit_fields]
D:10:     layout_basic, serial_shops, shop
D:11:     layout_loops_ring, guppyfry_shop_earth, uniq_grum
D:12:     layout_grid_maze, minmay_rotating_lava
D:13:     layout_basic, interstate_on_off, minmay_misc_feat_room,
          grunt_dithmenos_smoke, uniq_azrael
D:14:     gammafunk_jiyva_shrine, layout_cave_pools, david_vaults_4,
          hangedman_abyss_or_decor_stabs
D:15:     grunt_enter_depths_hoard, layout_irregular_city,
          minmay_mirror_moons_of_madness, uniq_rupert, uniq_agnes
Temple:   dshaligram_water_room_temple
Lair:1:   layout_regular_city, nicolae_lair_grove_arrangements,
          grunt_forest_large_clearings, grunt_megastairs_5, uniq_nergalle,
          uniq_gastronok
Lair:2:   layout_gridlike, basic_altar, st_stairs_12, bobbens_dragon_lair_wall
Lair:3:   layout_regular_city, swamp_mist_pool
Lair:4:   layout_roguey, spider_nest_entry_a, beast_lair_carwin_6
Lair:5:   layout_regular_city, grunt_forest_stairs_clearing
Lair:6:   due_jungle_book, layout_gridlike, slime_altar_1
Swamp:1:  cheibrodos_swamp_monstrosity, layout_basic_swamp,
          evilmike_swamp_ruin_house_6
Swamp:2:  layout_basic_swamp, hangedman_swamp_ruin_hall
Swamp:3:  nicolae_swamp_phyte_club, layout_basic_swamp, lemuel_altar_in_water
Swamp:4:  swamp_old_school, layout_basic_swamp, swamp_pool1
Orc:1:    layout_caves, uniq_jorgrun
Orc:2:    st_orc_elflike, layout_caves

Skill      XL: |  1  2  3  4  5  6  7  8  9 10 11 12 13 14 15 16 |
---------------+-------------------------------------------------+-----
Throwing       | 2 3 4 5 6 7 8 9 10 | 10.2
Dodging        | 3 4 5 6 7 8 9 10 11 | 11.0
Axes           | 3 4 5 6 7 8 10 11 12 13 | 13.8
Fighting       | 3 4 5 6 7 8 9 10 12 13 | 13.1
Armour         | 1 3 4 6 7 8 10 11 | 11.3
Invocations    | 4 6 8 |  8.8
Evocations     | 6 8 9 10 | 10.7

Action                   |  1- 3 |  4- 6 |  7- 9 | 10-12 | 13-15 | 16-18 || total
-------------------------+-------+-------+-------+-------+-------+-------++-------
Melee: War axe           |    65 |    44 |       |       |       |       ||   109
       Kick              |     9 |    38 |   102 |    74 |       |       ||   223
       Hand axe          |       |   104 |   357 |   207 |       |       ||   668
       Broad axe         |       |       |       |    70 |     6 |       ||    76
       Battleaxe         |       |       |       |    17 |     9 |    21 ||    47
       Executioner's axe |       |       |       |    88 |   559 |   191 ||   838
 Fire: Hunting sling     |       |       |       |       |   327 |    97 ||   424
Throw: Throwing net      |     1 |       |       |       |       |       ||     1
       Stone             |    74 |    68 |   240 |    50 |     6 |       ||   438
       Javelin           |       |       |       |   177 |    40 |    14 ||   231
       Dart              |       |       |       |    41 |       |       ||    41
Evoke: Wand              |       |       |     2 |       |       |       ||     2
       Phantom mirror    |       |       |       |       |     1 |     1 ||     2
       Lamp of fire      |       |       |       |       |       |     1 ||     1
  Use: Scroll            |       |    13 |     2 |    10 |    16 |     6 ||    47
       Potion            |       |     1 |       |     1 |     4 |     8 ||    14
 Stab: Invisible         |       |       |     2 |       |       |     2 ||     4
       Sleeping          |       |       |       |     1 |     2 |       ||     3
  Eat: Chunk             |     4 |     7 |    11 |    14 |    13 |     3 ||    52
       Ration            |       |     1 |     2 |     4 |    11 |     2 ||    20
Armor: Leather armour    |    21 |     6 |       |    83 |   138 |       ||   248
       Chain mail        |       |    73 |   270 |   108 |       |       ||   451
       Scale mail        |       |       |       |       |    63 |       ||    63
       Plate armour      |       |       |       |       |    41 |       ||    41
       Crystal plate arm |       |       |       |       |    12 |       ||    12
       Ring mail         |       |       |       |       |     8 |   106 ||   114
       Swamp dragon scal |       |       |       |       |       |    80 ||    80
Dodge: Dodged            |    41 |    76 |   192 |   339 |   812 |   419 ||  1879
       Deflected         |       |       |       |       |       |     4 ||     4
